 Dungeon Crawl Stone Soup version 0.19-a0-1002-g674d22e (webtiles) character file.

177 HAL9000 the Cudgeler (level 5, 0/54 HPs)
             Began as an Ogre Hunter on July 18, 2016.
             Slain by HAL9000's ghost (18 damage)
             ... on level 4 of the Dungeon.
             The game lasted 00:06:36 (4100 turns).

HAL9000 the Cudgeler (Ogre Hunter)                  Turns: 4100, Time: 00:06:37

Health: 0/54       AC:  3    Str: 17    XL:     5   Next: 57%
Magic:  5/5        EV: 10    Int: 10    God:
Gold:   209        SH:  0    Dex: 11    Spells: 0 memorised, 4 levels left

rFire  . . .     SeeInvis .     l - +0 mace
rCold  . . .     Gourm    .     b - +0 robe
rNeg   . . .     Faith    .     (no shield)
rPois  .         Spirit   .     (helmet restricted)
rElec  +         Dismiss  .     (no cloak)
rCorr  .         Reflect  .     (gloves unavailable)
SustAt .         Harm     .     (boots unavailable)
MR     .....                    (no amulet)
Stlth  +.........               (no ring)
                                (no ring)

@: not resistant to hostile enchantments, very unstealthy
A: unfitting armour, horns 1, electricity resistance, tough skin 1, MP-powered
wands
a: no special abilities


You were on level 4 of the Dungeon.
You were hungry.

You visited 1 branch of the dungeon, and saw 4 of its levels.

You collected 209 gold pieces.

Inventory:

Hand Weapons
 l - a +0 mace (weapon)
 z - a +0 whip of flaming
Armour
 b - a +0 robe (worn)
Wands
 y - a wand of enslavement (4/24)
 B - a wand of acid (9/15)
Scrolls
 k - a scroll of blinking
 o - a scroll of random uselessness {unknown}
 p - a scroll of fog {unknown}
 r - a scroll of magic mapping {unknown}
 u - a scroll of remove curse
 A - a scroll of immolation {unknown}
 D - a scroll of teleportation
Potions
 s - a potion of ambrosia
 w - a potion of flight {unknown}
Comestibles
 f - 4 bread rations
 h - 6 meat rations
 v - a royal jelly
 C - 2 fruits


   Skills:
 - Level 4.2 Fighting
 + Level 5.9 Maces & Flails
 - Level 4.0 Throwing
 - Level 1.7 Dodging
 - Level 0.7 Stealth


You had 4 spell levels left.
You didn't know any spells.

Dungeon Overview and Level Annotations

Branches:
Dungeon (4/15)
 Temple: D:4-7

Altars:
Qazlal

Annotations:
D:4 HAL9000's ghost, amateur OgHu


Innate Abilities, Weirdness & Mutations

You are too large for most types of armour.
You have tough skin. (AC +1)
You have a pair of small horns on your head.
You are resistant to electric shocks. (rElec)
You expend magic power (3 MP) to strengthen your wands.


Message History

HAL9000's ghost closely misses you.
Throwing (i - inventory):
d - a throwing net (quivered)
Press: ? - help, Shift-Dir - straight line, f/p - HAL9000's ghost
Aim: HAL9000's ghost (moderately damaged, immune to nets)
You throw a throwing net. The throwing net hits HAL9000's ghost.
The net passes right through HAL9000's ghost!
HAL9000's ghost is moderately damaged.
Unknown command.
Okay, then.
Okay, then.
You sock HAL9000's ghost! Your headbutt misses HAL9000's ghost.
HAL9000's ghost is heavily damaged.
HAL9000's ghost hits you! HAL9000's ghost hits you.
You hit HAL9000's ghost.
HAL9000's ghost is heavily damaged.
HAL9000's ghost hits you!
You barely miss HAL9000's ghost.
HAL9000's ghost is heavily damaged.
HAL9000's ghost hits you!!
You die...

#.#..# #.# #.##.#
#.# #..... #.#
###..###.#.####
#..(.# #......#
####.#..###.#<##.#
.<........>.#.##.#
###.#.###.###.##.#
#...#...#.##...#@#
..###.#.#(..(.(W.#
#.....##...#...#.#
##.....##..##.##.#
#.....###.### #.#
#.....##..# #.#
##...##)#.#####.#
##..#...(......#
#.#.##.########


You could see HAL9000's ghost.

Vanquished Creatures
  A worker ant (D:4)
  A hound skeleton (D:4)
  5 adders
  An ooze (D:3)
  2 worms
  2 giant geckos
  2 orcs
  9 bats
  6 giant cockroaches
  10 goblins
  6 hobgoblins
  4 jackals (D:3)
  2 quokkas
  2 ball pythons (D:3)
  6 giant newts
  12 kobolds
  7 rats
78 creatures vanquished.

Notes
Turn   | Place    | Note
-------+----------+-------------------------------------------
     0 | D:1      | HAL9000 the Ogre Hunter began the quest for the Orb.
     0 | D:1      | Reached XP level 1. HP: 22/22 MP: 1/1
   147 | D:1      | Reached XP level 2. HP: 18/32 MP: 2/2
   789 | D:1      | Reached skill level 1 in Maces & Flails
   882 | D:2      | Reached XP level 3. HP: 36/39 MP: 3/3
   900 | D:2      | Gained mutation: You are resistant to electric shocks. (rElec) [potion of mutation]
   900 | D:2      | Gained mutation: You have a pair of small horns on your head. [potion of mutation]
   900 | D:2      | Gained mutation: You expend magic power (3 MP) to strengthen your wands. [potion of mutation]
   908 | D:2      | Reached skill level 2 in Maces & Flails
  1391 | D:2      | Reached skill level 3 in Maces & Flails
  1805 | D:2      | Reached XP level 4. HP: 48/48 MP: 4/4
  2213 | D:3      | Reached skill level 4 in Maces & Flails
  2696 | D:3      | Found a stormy altar of Qazlal.
  2929 | D:3      | Reached XP level 5. HP: 38/54 MP: 5/5
  2967 | D:3      | Reached skill level 5 in Maces & Flails
  4089 | D:4      | Noticed HAL9000's ghost (amateur OgHu)
  4100 | D:4      | Slain by HAL9000's ghost

Vault maps used:
D:1:      grunt_arrival_crossed_arrows, grunt_decor_one_mirror
D:2:      serial_glass, glass_columns_a, glass_columns_a, glass_columns_b,
          glass_columns_b, glass_columns_a, glass_columns_a,
          lexackson_kobold_supper
D:3:      minmay_wonky_spiral, lemuel_doored_altar, first_bread
D:4:      grunt_temple_overflow_lords_of_destruction, uniq_crazy_yiuf_cottage

Skill      XL: |  1  2  3  4  5 |
---------------+----------------+-----
Fighting       | 3 4 |  4.2
Maces & Flails | 1 3 4 5 |  5.9
Throwing       | |  4.0
Dodging        | |  1.7
Stealth        | |  0.7

Action                   |  1- 3 |  4- 6 || total
-------------------------+-------+-------++-------
Melee: Short sword       |    80 |       ||    80
       Mace              |    67 |   156 ||   223
       Headbutt          |     2 |    29 ||    31
       Whip              |       |     4 ||     4
Throw: Large rock        |     7 |     5 ||    12
       Throwing net      |     2 |     2 ||     4
  Use: Potion            |     2 |     1 ||     3
       Scroll            |       |     3 ||     3
 Stab: Sleeping          |     2 |     2 ||     4
  Eat: Chunk             |     3 |     6 ||     9
       Fruit             |       |     1 ||     1
Armor: Robe              |    52 |    50 ||   102
       Skin              |       |     1 ||     1
Dodge: Dodged            |    94 |    84 ||   178
